 Dungeon Crawl Stone Soup version 0.27-a0-1200-g94dc6ad4cf (webtiles) character file.

Game seed: 11753839970435819888

250 bobarctor the Magician (level 5, -2/28 HPs)
             Began as a Deep Elf Necromancer on June 1, 2021.
             Was an Initiate of Kikubaaqudgha.
             Slain by a gnoll sergeant
             ... wielding a +0 spear
              (6 damage)
             ... on level 5 of the Dungeon.
             The game lasted 00:19:13 (5011 turns).

bobarctor the Magician (Deep Elf Necromancer)       Turns: 5011, Time: 00:19:14

Health: -2/28      AC:  4    Str:  5    XL:     5   Next: 88%
Magic:  1/16       EV: 12    Int: 27    God:    Kikubaaqudgha [......]
Gold:   254        SH:  0    Dex: 15    Spells: 1/17 levels left

rFire    . . .     SeeInvis .   b - +0 short sword
rCold    . . .     Faith    +   (no shield)
rNeg     . . .     Spirit   .   a - +0 robe
rPois    .         Reflect  .   o - +1 helmet
rElec    .         Harm     .   (no cloak)
rCorr    .         Rampage  .   (no gloves)
Will     .....                  (no boots)
Stlth    ++........             h - amulet of faith
HPRegen  0.09/turn              f - +6 ring of intelligence
MPRegen  0.15/turn              (no ring)

@: no status effects
A: no striking features
a: Renounce Religion


You were on level 5 of the Dungeon.
You worshipped Kikubaaqudgha.
Kikubaaqudgha was noncommittal.
You visited 2 branches of the dungeon, and saw 6 of its levels.

You collected 254 gold pieces.

Inventory:

Hand Weapons
 b - a +0 short sword (weapon)
 d - a +0 dire flail
Missiles
 l - 77 stones
 m - 10 boomerangs
 q - 21 poisoned darts (quivered)
 r - 28 arrows
Armour
 a - a +0 robe (worn)
 o - a +1 helmet (worn)
Jewellery
 f - a +6 ring of intelligence (left hand)
 h - an amulet of faith (around neck)
Potions
 c - a potion of haste {unknown}
 g - 3 potions of mutation
 k - 2 potions of attraction
 n - 5 potions of degeneration
 s - 2 potions of flight {unknown}


   Skills:
 + Level 2.5 Dodging
 + Level 2.6 Stealth
 * Level 6.8 Spellcasting
 * Level 6.4 Necromancy


You had one spell level left.
You knew the following spells:

 Your Spells              Type           Power      Damage    Failure   Level
a - Pain                  Necr           100%       1d9       1%          1
b - Animate Skeleton      Necr           86%        N/A       1%          1
c - Vampiric Draining     Necr           21%        2d9       1%          3
d - Animate Dead          Necr           21%        N/A       4%          4
e - Agony                 Necr           43%        N/A       12%         5
f - Call Imp              Summ           9%         N/A       9%          2

Your spell library contained the following spells:

 Spells                   Type           Power      Damage    Failure   Level
 Sandblast                Erth           18%        2d7       6%          1
 Summon Small Mammal      Summ           36%        N/A       6%          1
 Passwall                 Tmut/Erth      7%         N/A       9%          2
 Call Canine Familiar     Summ           9%         N/A       19%         3
 Stone Arrow              Conj/Erth      18%        3d8       19%         3
 Summon Guardian Golem    Hex/Summ       9%         N/A       19%         3
 Petrify                  Tmut/Erth      9%         N/A       52%         4
 Summon Ice Beast         Ice/Summ       9%         N/A       52%         4
 Summon Lightning Spire   Summ/Air       9%         N/A       52%         4
 Lee's Rapid Deconstruct  Erth           4%         3d6*      86%         5


Dungeon Overview and Level Annotations

Branches:
Dungeon (5/15)             Temple (1/1) D:4

Altars:
Ashenzari
Dithmenos
Elyvilon
Fedhas
Kikubaaqudgha
Makhleb
Nemelex Xobeh
Qazlal
Ru
Sif Muna
Vehumet
Wu Jian
Xom
Zin
The Shining One

Annotations:
D:4 2 transporters, Atlas's ghost, amateur DsIE


Message History

Aim: a scorpion You draw life force from the scorpion!
You feel life coursing into your body.
The scorpion stings you but does no damage.
Casting: Vampiric Draining (safe; 1% risk of failure)
Confirm with . or Enter, or press ? or * to list all spells.
Aiming: Pain (safe; 1% risk of failure)
Press: ? - help, Shift-Dir - straight line, f/p - scorpion
Aim: a scorpion (heavily wounded, chance to affect: 84%)
The scorpion writhes in agony.
The scorpion barely misses you.
Casting: Pain (safe; 1% risk of failure)
Confirm with . or Enter, or press ? or * to list all spells.
Aiming: Pain (safe; 1% risk of failure)
Press: ? - help, Shift-Dir - straight line, f/p - scorpion
Aim: a scorpion (heavily wounded, chance to affect: 84%)
The scorpion writhes in agony.
The gnoll sergeant hits you from afar with a +0 spear!
The scorpion stings you but does no damage.
Casting: Pain (safe; 1% risk of failure)
Confirm with . or Enter, or press ? or * to list all spells.
Okay, then.
The scorpion stings you!
Casting: Pain (safe; 1% risk of failure)
Confirm with . or Enter, or press ? or * to list all spells.
Aiming: Vampiric Draining (safe; 1% risk of failure)
Press: ? - help, Shift-Dir - straight line, f/p - scorpion
Aim: a scorpion (severely wounded)
You draw life force from the scorpion!
You kill the scorpion!
Kikubaaqudgha accepts your kill.
You feel life coursing into your body.
Okay, then.
The gnoll sergeant hits you with a +0 spear.
You hit the gnoll sergeant but do no damage.
The gnoll sergeant closely misses you. The gnoll sergeant barely misses you.
The gnoll sergeant hits you with a +0 spear.
* * * LOW HITPOINT WARNING * * *
The gnoll sergeant hits you from afar with a +0 spear.
You die...
Kikubaaqudgha rasps: "You have failed me!
Welcome... death!"

+.........>........#
#..................#
#..................#
#..$...............#
#..................#
#..)##.####...####'#
#...##.####...##...#
..g...#...#.....#...#
#....)..#@..#.....#...#
#....?..#...###########
#...... #.g.# #.g....
#...# #...# #...# #####


You could see a gnoll sergeant.

Vanquished Creatures
  A scorpion (D:5)
  2 iguanas (D:4)
  2 gnolls (D:5)
  An adder (D:4)
  3 worms (D:2)
  2 dart slugs
  6 orcs (D:3)
  8 bats
  6 endoplasms
  6 giant cockroaches
  6 goblins
  7 hobgoblins
  10 jackals
  11 kobolds
  4 quokkas
  5 ball pythons
  A frilled lizard (D:3)
  3 rats
84 creatures vanquished.

Vanquished Creatures (others)
  12 plants (D:1)
12 creatures vanquished.

Grand Total: 96 creatures vanquished

Notes
Turn   | Place    | Note
-------+----------+-------------------------------------------
     0 | D:1      | bobarctor the Deep Elf Necromancer began the quest for the
                  | Orb.
     0 | D:1      | Reached XP level 1. HP: 10/10 MP: 6/6
   219 | D:1      | Reached skill level 5 in Necromancy
   569 | D:1      | Learned a level 1 spell: Animate Skeleton
   589 | D:1      | Reached XP level 2. HP: 9/15 MP: 4/8
   954 | D:1      | Found a faded altar of an unknown god.
  1188 | D:1      | Reached XP level 3. HP: 15/19 MP: 6/10
  1291 | D:1      | Learned a level 3 spell: Vampiric Draining
  2657 | D:2      | Reached XP level 4. HP: 23/24 MP: 10/12
  3044 | D:3      | Reached skill level 5 in Spellcasting
  3274 | D:3      | Found an ornate altar of the Wu Jian Council.
  4148 | D:4      | Found a transporter.
  4151 | D:4      | Found a transporter.
  4151 | D:4      | Noticed Atlas's ghost (amateur DsIE)
  4183 | D:4      | Reached XP level 5. HP: 24/28 MP: 10/15
  4188 | D:4      | Learned a level 4 spell: Animate Dead
  4194 | D:4      | Learned a level 5 spell: Agony
  4311 | D:4      | Found a staircase to the Ecumenical Temple.
  4321 | Temple   | Entered the Ecumenical Temple
  4371 | Temple   | Became a worshipper of Kikubaaqudgha
  4627 | D:4      | Learned a level 2 spell: Call Imp
  4916 | D:5      | Entered Level 5 of the Dungeon
  4922 | D:5      | Found a sparkling altar of Nemelex Xobeh.
  5011 | D:5      | Slain by a gnoll sergeant

Illustrated notes

Levels and vault maps discovered:
D:1:      minmay_arrival_jagged, layout_loops_cross, serial_forest,
          infiniplex_forest_clump_large, infiniplex_forest_clump_long,
          infiniplex_forest_lined_2, infiniplex_forest_clump_cross,
          infiniplex_forest_clump_tiny, infiniplex_forest_lined_corner,
          infiniplex_forest_straight_2, infiniplex_forest_3_way,
          hellmonk_ecumenical_altar_dog_temple, ebering_dispersal_statue_hall
D:2:      minmay_kobold_bridge, layout_basic, minmay_cupped
D:3:      layout_basic, amcnicky_altar_gilded
D:4:      layout_loops_ring, minmay_temple_entry_arrows,
          gammafunk_ghost_mausoleum
D:5:      layout_gridville, nicolae_uskayaw_dance_hall,
          grunt_temple_overflow_open, lemuel_round_altar,
          nicolae_ossuary_entry_catacombs
Temple:   cyrus_circular_temple

Skill      XL: |  1  2  3  4  5 |
---------------+----------------+-----
Necromancy     | 5 6 |  6.4
Spellcasting   | 4 5 6 |  6.8
Dodging        | |  2.5
Stealth        | |  2.6

Action                   |  1- 3 |  4- 6 || total
-------------------------+-------+-------++-------
Melee: Short sword       |     8 |     3 ||    11
 Cast: Pain              |    84 |    64 ||   148
       Vampiric Draining |     3 |     6 ||     9
  Use: Scroll            |       |     6 ||     6
 Stab: Sleeping          |       |     2 ||     2
Armor: Robe              |     3 |     3 ||     6
Dodge: Dodged            |     8 |     8 ||    16

Table legend: (Time is in decaauts)
 A = Elapsed time spent in this place.
 B = Non-inter-level travel time spent in this place.
 C = Inter-level travel time spent in this place.
 D = Time resting spent in this place.
 E = Time spent auto-exploring this place.
 F = Levels seen in this place.
 G = Mean time per level.
                   A        B        C        D        E       F      G
               +--------+--------+--------+--------+--------+-----+--------+
         Total |   5012 |   4982 |     30 |   1630 |   2795 |   6 |  835.3 |
       Dungeon |   4944 |   4914 |     30 |   1630 |   2748 |   5 |  988.8 |
        Temple |     67 |     67 |      0 |      0 |     47 |   1 |   67.0 |
               +--------+--------+--------+--------+--------+-----+--------+

Top non-repeatable levels by time:
     D:1: 1838 daAuts
     D:2: 1354 daAuts
     D:3: 915 daAuts
     D:4: 741 daAuts
     D:5: 94 daAuts
  Temple: 67 daAuts
